 Dungeon Crawl Stone Soup version 0.14-a0-2474-g7d54a28 (webtiles) character file.

81 Deemzul the Ruinous (level 3, -2/21 HPs)
             Began as an Octopode Conjurer on Feb 8, 2014.
             Slain by a jackal (3 damage)
             ... on Level 2 of the Dungeon.
             The game lasted 00:01:35 (910 turns).

Deemzul the Ruinous (Octopode Conjurer)              Turns: 910, Time: 00:01:35

HP  -2/21        AC  1     Str  7      XL: 3   Next: 14%
MP   0/6         EV 12     Int 18      God:
Gold 53          SH  0     Dex 12      Spells:  3 memorised,  1 level left

rFire  . . .     SeeInvis .     (no weapon)
rCold  + + .     Clarity  .     (no shield)
rNeg   . . .     Conserve .     (helmet restricted)
rPois  +         rCorr    .     (no amulet)
rElec  .         rRot     .     g - ring of poison resistance {unknown}
SustAb . .       Spirit   .     a - ring of protection from cold {unknown}
rMut   .         Warding  .     (no ring)
Saprov . . .     Stasis   .     (no ring)
MR     .....                    (no ring)
                                (no ring)
                                (no ring)
                                (no ring)

@: invisible, very slightly contaminated, not resistant to hostile enchantments,
quite stealthy
A: almost no armour, amphibious, 8 rings, constrict 8, camouflage 1, blurry
vision 1, cold resistance 1, deformed body, gelatinous body 1
a: no special abilities


You were on level 2 of the Dungeon.
You were not hungry.

You visited 1 branch of the dungeon, and saw 2 of its levels.

You collected 53 gold pieces.

Inventory:

Comestibles
 b - 3 bread rations
 k - a rotting chunk of worm flesh
 n - an apple
 o - a meat ration
Scrolls
 f - a scroll of immolation {unknown}
 h - 2 scrolls of identify {unknown}
 i - a scroll of magic mapping {unknown}
 m - a scroll of remove curse {unknown}
Jewellery
 a - a ring of protection from cold (right tentacle) {unknown}
 g - a ring of poison resistance (left tentacle) {unknown}
Potions
 j - a potion of resistance {unknown}
 l - a potion of restore abilities {unknown}
Books
 c - a book of Conjurations

   Spells                             Type                      Level
   *Magic Dart                        Conjuration                  1
   *Searing Ray                       Conjuration                  2
   *Dazzling Spray                    Conjuration/Hexes            3
   Iskenderun's Mystic Blast          Conjuration                  4
   Iskenderun's Battlesphere          Conjuration/Charms           4
   Fulminant Prism                    Conjuration/Hexes            5


   Skills:
 - Level 2.0 Dodging
 + Level 2.9 Stealth
 * Level 2.8 Spellcasting
 + Level 4.3 Conjurations


You had one spell level left.
You knew the following spells:

 Your Spells              Type           Power        Failure   Level  Hunger
a - Magic Dart            Conj           ###.         2%          1    None
b - Searing Ray           Conj           ###...       4%          2    ##.....
c - Dazzling Spray        Conj/Hex       ##......     24%         3    ###....


Dungeon Overview and Level Annotations

Branches:
Dungeon (2/16)

Altars:
Makhleb


Innate Abilities, Weirdness & Mutations

You cannot wear most types of armour.
You are amphibious.
You can wear up to eight rings at the same time.
You can use your tentacles to constrict many enemies at once.
Your skin changes colour to match your surroundings (Stlth).
Your rubbery body absorbs attacks (AC +1).
Your vision is a little blurry.
Your flesh is cold resistant.
Your body is misshapen.


Message History

Casting: Magic Dart
Confirm with . or Enter, or press ? or * to list all spells.
Aiming: Magic Dart
Press: ? - help, Shift-Dir - straight line, f - jackal
Aim: a jackal (heavily wounded)
The magic dart hits the jackal.
The jackal is heavily wounded.
You constrict the jackal, but do no damage.
The jackal bites you.
* * * LOW HITPOINT WARNING * * *
The jackal struggles to escape constriction.
Casting: Magic Dart
Confirm with . or Enter, or press ? or * to list all spells.
Aiming: Magic Dart
Press: ? - help, Shift-Dir - straight line, f/p - jackal
Aim: a jackal (heavily wounded)
You miscast Magic Dart.
Your skin glows momentarily.
You constrict the jackal, but do no damage.
The jackal bites you.
You die...

.. #%....# #.%......# #.##
....##.....# #..).....# #<.'
#........# ##.####### ####
#..##'#### #..####### #
#.......# ##...)..(# #
####.##'#### #######.# #
.#.......# #########'### #
..#.......###......(....#####
..........h#.@...........'...'
.#.#...>...#h#...........#####
#..........'h#...........# #
#.........[###...........# #
#.#.###'#### #...........# # .
##.# #...........# # #..#
##########+## ###.## ######..#
# #.%.# #.....[# ###


You could see 2 jackals.

Vanquished Creatures
  A worm (D:2)
  A giant gecko (D:2)
  2 goblins (D:2)
  A hobgoblin (D:2)
  A jackal (D:2)
  7 kobolds
  2 ball pythons
  5 bats
  A giant cockroach (D:1)
  2 giant newts
  3 rats
26 creatures vanquished.

Notes
Turn   | Place    | Note
--------------------------------------------------------------
     0 | D:1      | Deemzul, the Octopode Conjurer, began the quest for the Orb.
     0 | D:1      | Reached XP level 1. HP: 11/11 MP: 3/3
   260 | D:1      | Reached XP level 2. HP: 17/17 MP: 0/5
   600 | D:2      | Found a burning altar of Makhleb.
   600 | D:2      | Noticed a green death
   763 | D:2      | Reached XP level 3. HP: 14/21 MP: 1/6
   767 | D:2      | Learned a level 2 spell: Searing Ray
   771 | D:2      | Learned a level 3 spell: Dazzling Spray
   906 | D:2      | Gained mutation: Your body is misshapen. [potion of mutation]
   906 | D:2      | Gained mutation: Your vision is a little blurry. [potion of mutation]
   906 | D:2      | Gained mutation: Your flesh is cold resistant. [potion of mutation]
   909 | D:2      | HP: 1/21 [jackal (1)]
   910 | D:2      | Slain by a jackal

Action                   || total
-------------------------++-------
Melee: Unarmed           ||    26
 Cast: Magic Dart        ||    42
  Use: Potion            ||     2
